Barracuda vs Monsters
Created - December 30, 2022 at 23:31
Goals
|
| Barracuda |
0 |
1 |
4 |
5 |
| Monsters |
1 |
2 |
1 |
4 |
|
Shots
|
| Barracuda |
8 |
12 |
18 |
38 |
| Monsters |
13 |
15 |
10 |
38 |
|
1st period
1. Monsters , Jared Knight 8 (Gerald Mayhew 6, Joakim Nordstrom 10) at 3:24
Penalties :
Samuel Groulx (S.J) for Holding (Minor) at 16:56
2nd period
2. Barracuda , Theodor Blueger 3 (Cole Ully 15, Justin Shugg 4) at 7:50
3. Monsters , Tony DeAngelo 5 (Jared Knight 9) at 8:28
4. Monsters , Gerald Mayhew 9 (Jared Knight 10, Joakim Nordstrom 11) at 10:54
Penalties :
Jared Knight (Cle) for Tripping (Minor) at 3:26
3rd period
5. Barracuda , Cole Ully 8 (Robin Norell 5) at 7:04
6. Barracuda , Drew O'Connor 3 (Mario Lucia 8, Alex Henriksson 7) at 8:58
7. Monsters , Tony DeAngelo 6 (Zac Dalpe 20) at 9:11 (PP)
8. Barracuda , Brandon Kozun 12 (William Carrier 18) at 14:53 (PP)
9. Barracuda , Chris Wagner 4 (Kyle Platzer 9, Eric Gustafsson 18) at 15:56
Penalties :
Joakim Nordstrom (Cle) for Kneeing (Minor) at 4:21, Samuel Groulx (S.J) for Charging (Minor) at 9:10, Zac Dalpe (Cle) for Close Hand On Puck (Minor) at 14:39
Goalie Stats
Joacim Eriksson (S.J), 34 saves from 38 shots - (0.895), W, 8-8-4, 60:00 minutes
Eric Comrie (Cle), 33 saves from 38 shots - (0.868), L, 9-7-1, 59:30 minutes
Players Stats for Barracuda
Player Name G A P +/- PIM S H SB GA TA FO MP PP MP PK MP
------------------------------------------------------------------------------------
Aleksi Heponiemi 0 0 0 0 0 0 0 0 0 0 0/0 0:42 0:25 0:13
Alex Henriksson 0 1 1 1 0 3 1 1 1 0 0/0 11:35 0:25 0:17
Alex Lintuniemi 0 0 0 0 0 0 0 0 0 0 0/0 0:00 0:00 0:00
Ben Jones 0 0 0 0 0 0 0 0 0 0 0/0 0:00 0:00 0:00
Brandon Kozun 1 0 1 -2 0 6 1 0 2 2 1/1 21:30 1:38 0:00
Chris Wagner 1 0 1 1 0 3 1 0 2 0 0/0 11:11 0:22 0:00
Cole Ully 1 1 2 1 0 2 1 0 1 0 0/1 18:19 2:12 0:30
Dennis Cholowski 0 0 0 0 0 0 0 0 0 0 0/0 0:00 0:00 0:00
Drew O'Connor 1 0 1 1 0 2 1 0 0 0 0/0 7:30 0:00 0:00
Emil Pettersson 0 0 0 -2 0 1 0 0 2 1 15/24 22:44 1:35 1:17
Eric Gustafsson 0 1 1 1 0 3 2 1 0 0 0/0 25:21 1:23 1:00
Gustav Lindstrom 0 0 0 0 0 0 0 0 0 0 0/0 0:00 0:00 0:00
Jacob Peterson 0 0 0 1 0 0 1 0 0 0 0/2 7:30 0:00 0:00
Jerome Gauthier-Leduc 0 0 0 1 0 0 1 0 0 0 0/0 14:15 0:00 0:31
Jordan Gross 0 0 0 1 0 0 0 1 0 1 0/0 13:44 0:00 0:00
Justin Shugg 0 1 1 1 0 0 2 0 1 0 0/1 17:45 2:12 0:00
Kyle Platzer 0 1 1 1 0 2 0 0 0 0 4/11 10:45 0:00 0:00
Logan Stanley 0 0 0 -1 0 1 0 0 1 0 0/0 22:28 2:49 1:29
Mario Lucia 0 1 1 1 0 6 1 0 1 1 0/0 7:30 0:00 0:00
Noah Gregor 0 0 0 0 0 0 0 0 0 0 0/0 0:00 0:00 0:00
Robin Norell 0 1 1 -1 0 3 0 2 0 2 0/0 20:55 2:49 1:00
Samuel Groulx 0 0 0 1 4 1 3 5 1 1 0/0 23:19 1:23 0:00
Theodor Blueger 1 0 1 1 0 3 0 0 0 0 6/14 18:11 2:12 0:26
Thomas Gobeil 0 0 0 0 0 0 0 0 0 0 0/0 0:00 0:00 0:00
William Carrier 0 1 1 -2 0 2 3 0 1 1 1/1 22:44 1:35 1:17
Players Stats for Monsters
Player Name G A P +/- PIM S H SB GA TA FO MP PP MP PK MP
------------------------------------------------------------------------------------
Aaron Ness 0 0 0 -1 0 1 2 1 0 4 0/0 26:22 1:09 2:33
Alex Schoenborn 0 0 0 -1 0 0 0 0 0 0 0/2 2:01 0:00 1:17
Austin Watson 0 0 0 -1 0 4 0 1 2 0 1/2 20:40 1:18 2:17
Cameron Hughes 0 0 0 0 0 0 0 0 0 0 0/0 0:00 0:00 0:00
Carl Grundstrom 0 0 0 2 0 1 1 2 2 0 0/0 18:21 0:00 0:00
Cody Glass 0 0 0 0 0 0 0 0 0 0 0/0 0:00 0:00 0:00
Dillon Heatherington 0 0 0 -2 0 1 0 0 0 1 0/0 20:27 0:51 1:39
Francis Perron 0 0 0 -1 0 1 0 0 0 0 0/0 9:35 0:00 0:50
Gerald Mayhew 1 1 2 3 0 5 0 0 1 1 0/0 14:25 0:42 0:00
Jared Knight 1 2 3 3 2 1 0 0 0 1 6/11 15:15 0:42 0:27
Joakim Nordstrom 0 2 2 2 2 3 0 0 1 0 1/1 15:08 0:42 0:00
Luca Sbisa 0 0 0 -2 0 0 2 1 0 1 0/0 20:27 0:51 1:39
Marc Michaelis 0 0 0 -1 0 3 1 0 0 0 0/0 19:49 1:18 1:02
Maxim Mamin 0 0 0 0 0 0 0 0 0 0 0/0 0:00 0:00 0:00
Maxime Comtois 0 0 0 -2 0 4 2 0 0 0 0/0 13:51 0:00 0:00
Nathan Noel 0 0 0 0 0 0 0 1 0 0 0/1 8:01 0:00 0:00
Richard Nejezchleb 0 0 0 -2 0 4 0 0 0 1 0/0 13:51 0:00 0:00
Robert Thomas 0 0 0 0 0 0 0 0 0 0 0/0 3:41 0:00 0:26
Ryan Fitzgerald 0 0 0 -2 0 3 1 0 0 0 4/6 13:51 0:00 0:00
Tarmo Reunanen 0 0 0 2 0 1 0 0 0 2 0/0 13:11 0:00 0:00
Tony DeAngelo 2 0 2 -1 0 3 3 5 1 1 0/0 26:22 1:09 2:33
Zac Dalpe 0 1 1 -1 2 3 3 1 2 1 16/32 20:27 1:18 2:05
Zachary Senyshyn 0 0 0 0 0 0 0 0 0 0 0/0 0:00 0:00 0:00
3 Stars
1 - Tony DeAngelo (Cle)
2 - Jared Knight (Cle)
3 - Gerald Mayhew (Cle)
Power Play
Barracuda - 1 on 3 Attempt(s) - 33.33%
Monsters - 1 on 2 Attempt(s) - 50.00%
Penalty Kill
Barracuda - 1 on 2 Attempt(s) - 50.00%
- Score 0 goal in Penalty Kill
Monsters - 2 on 3 Attempt(s) - 66.67%
- Score 0 goal in Penalty Kill
Team Stat
Barracuda - Hits : 18 - Faceoff Wins : 27 - Blocked Shots : 10 - Penalty Minutes : 4
Monsters - Hits : 15 - Faceoff Wins : 28 - Blocked Shots : 12 - Penalty Minutes : 6
Official
Referees : Reid Anderson and Pierre Lambert
Linesman : Kory Nagy and Brian Mach
Game Notes
No Game Note
Finance
Level 1 -- Attendance: 1944 (97.20%) -- Ticket Income $68,040
Level 2 -- Attendance: 969 (96.90%) -- Ticket Income $14,535
Total Attendance: 2913 (97.10%)
Total Ticket Income: $82,575
Other Income: $4,129
Total Income: $86,704
Barracuda
5 vs 5 Forward
Center Left Wing Right Wing Time % Phy DF OF
1 Emil Pettersson William Carrier Brandon Kozun 40 1 2 2
2 Theodor Blueger Cole Ully Justin Shugg 30 1 2 2
3 Kyle Platzer Alex Henriksson Chris Wagner 20 1 2 2
4 Jacob Peterson Drew O'Connor Mario Lucia 10 1 2 2
5 vs 5 Defense
Defense Defense Time % Phy DF OF
1 Eric Gustafsson Samuel Groulx 40 1 2 2
2 Robin Norell Logan Stanley 30 1 2 2
3 Jerome Gauthier-Leduc Jordan Gross 20 1 2 2
4 Eric Gustafsson Samuel Groulx 10 1 2 2
PowerPlay Forward
Center Left Wing Right Wing Time % Phy DF OF
1 Emil Pettersson William Carrier Brandon Kozun 60 1 2 2
2 Theodor Blueger Cole Ully Justin Shugg 40 1 2 2
PowerPlay Defense
Defense Defense Time % Phy DF OF
1 Eric Gustafsson Samuel Groulx 60 1 2 2
2 Robin Norell Logan Stanley 40 1 2 2
Penalty Kill 4 Players Forward
Center Wing Time % Phy DF OF
1 Emil Pettersson William Carrier 60 1 2 2
2 Theodor Blueger Cole Ully 40 1 2 2
Penalty Kill 4 Players Defense
Defense Defense Time % Phy DF OF
1 Eric Gustafsson Samuel Groulx 60 1 2 2
2 Robin Norell Logan Stanley 40 1 2 2
Penalty Kill - 3 Players Forward
Forward Time % Phy DF OF
1 Emil Pettersson 60 1 2 2
2 Theodor Blueger 40 1 2 2
Penalty Kill - 3 Players Defense
Defense Defense Time % Phy DF OF
1 Eric Gustafsson Samuel Groulx 60 1 2 2
2 Robin Norell Logan Stanley 40 1 2 2
4 vs 4 Forward
Center Wing Time % Phy DF OF
1 Emil Pettersson William Carrier 60 1 2 2
2 Theodor Blueger Cole Ully 40 1 2 2
4 vs 4 Defense
Defense Defense Time % Phy DF OF
1 Eric Gustafsson Samuel Groulx 60 1 2 2
2 Robin Norell Logan Stanley 40 1 2 2
Last Minutes Offensive
Center Left Wing Right Wing Defense Defense
Emil Pettersson William Carrier Brandon Kozun Eric Gustafsson Samuel Groulx
Last Minutes Defensive
Center Left Wing Right Wing Defense Defense
Emil Pettersson William Carrier Brandon Kozun Eric Gustafsson Samuel Groulx
Goaltenders
Starting : Joacim Eriksson
Backup : Oscar Dansk
Extra Forwards
Normal : Cole Ully, Theodor Blueger, Chris Wagner - PP : Cole Ully, Theodor Blueger - PK : Cole Ully
Extra Defensemen
Normal : Logan Stanley, Jerome Gauthier-Leduc, Jordan Gross - PP : Logan Stanley - PK : Logan Stanley, Jerome Gauthier-Leduc
Penalty Shots
Brandon Kozun, William Carrier, Emil Pettersson, Justin Shugg, Cole Ully
Scratches
Scott Reedy (Healthy), Jaedon Descheneau (Healthy), Alexei Toropchenko (Healthy), Kevin Lankinen (Healthy)
Monsters
5 vs 5 Forward
Center Left Wing Right Wing Time % Phy DF OF
1 Zac Dalpe Marc Michaelis Austin Watson 40 1 2 2
2 Jared Knight Joakim Nordstrom Gerald Mayhew 30 1 2 2
3 Ryan Fitzgerald Maxime Comtois Richard Nejezchleb 20 1 2 2
4 Nathan Noel Francis Perron Carl Grundstrom 10 1 2 2
5 vs 5 Defense
Defense Defense Time % Phy DF OF
1 Tony DeAngelo Aaron Ness 40 1 2 2
2 Luca Sbisa Dillon Heatherington 30 1 2 2
3 Tarmo Reunanen Carl Grundstrom 20 1 2 2
4 Tony DeAngelo Aaron Ness 10 1 2 2
PowerPlay Forward
Center Left Wing Right Wing Time % Phy DF OF
1 Zac Dalpe Marc Michaelis Austin Watson 60 1 2 2
2 Jared Knight Joakim Nordstrom Gerald Mayhew 40 1 2 2
PowerPlay Defense
Defense Defense Time % Phy DF OF
1 Tony DeAngelo Aaron Ness 60 1 2 2
2 Luca Sbisa Dillon Heatherington 40 1 2 2
Penalty Kill 4 Players Forward
Center Wing Time % Phy DF OF
1 Zac Dalpe Austin Watson 60 1 2 2
2 Jared Knight Marc Michaelis 40 1 2 2
Penalty Kill 4 Players Defense
Defense Defense Time % Phy DF OF
1 Tony DeAngelo Aaron Ness 60 1 2 2
2 Luca Sbisa Dillon Heatherington 40 1 2 2
Penalty Kill - 3 Players Forward
Forward Time % Phy DF OF
1 Zac Dalpe 60 1 2 2
2 Austin Watson 40 1 2 2
Penalty Kill - 3 Players Defense
Defense Defense Time % Phy DF OF
1 Tony DeAngelo Aaron Ness 60 1 2 2
2 Luca Sbisa Dillon Heatherington 40 1 2 2
4 vs 4 Forward
Center Wing Time % Phy DF OF
1 Zac Dalpe Austin Watson 60 1 2 2
2 Jared Knight Marc Michaelis 40 1 2 2
4 vs 4 Defense
Defense Defense Time % Phy DF OF
1 Tony DeAngelo Aaron Ness 60 1 2 2
2 Luca Sbisa Dillon Heatherington 40 1 2 2
Last Minutes Offensive
Center Left Wing Right Wing Defense Defense
Zac Dalpe Marc Michaelis Austin Watson Tony DeAngelo Aaron Ness
Last Minutes Defensive
Center Left Wing Right Wing Defense Defense
Zac Dalpe Marc Michaelis Austin Watson Tony DeAngelo Aaron Ness
Goaltenders
Starting : Eric Comrie
Backup : Maxime Lagace
Extra Forwards
Normal : Robert Thomas, Maxim Mamin, Alex Schoenborn - PP : Robert Thomas, Maxim Mamin - PK : Alex Schoenborn
Extra Defensemen
Normal : Tarmo Reunanen, Luca Sbisa, Dillon Heatherington - PP : Tarmo Reunanen - PK : Luca Sbisa, Dillon Heatherington
Penalty Shots
Zac Dalpe, Austin Watson, Jared Knight, Marc Michaelis, Ryan Fitzgerald
Scratches
Jesse Graham (Left Foot Injury), Matt Grzelcyk (Torso Injury), Victor Mete (Healthy), Peyton Jones (Healthy)
% Time on Ice - Barracuda
Lines # - Real PCT - Wanted PCT - Time Play
Normal Forward
1 - 36% - 40% - 18:51
2 - 30% - 30% - 15:33
3 - 20% - 20% - 10:45
4 - 14% - 10% - 7:30
Normal Defense
1 - 37% - 40% - 19:35
2 - 32% - 30% - 17:06
3 - 26% - 20% - 13:44
4 - 4% - 10% - 2:14
PP Forward
1 - 48% - 60% - 2:00
2 - 52% - 40% - 2:12
PP Defense
1 - 33% - 60% - 1:23
2 - 67% - 40% - 2:49
PK Forward
1 - 78% - 60% - 1:34
2 - 22% - 40% - 0:26
PK Defense
1 - 50% - 60% - 1:00
2 - 50% - 40% - 1:00
PK3 Forward
1 - 0% - 60%
2 - 0% - 40%
PK3 Defense
1 - 0% - 60%
2 - 0% - 40%
44 Forward
1 - 0% - 60%
2 - 0% - 40%
44 Defense
1 - 0% - 60%
2 - 0% - 40%
Last Minute Offensive - 0:00
Last Minute Defensive - 1:09
Total
Forward - 60:00
Defense - 60:00
|
% Time on Ice - Monsters
Lines # - Real PCT - Wanted PCT - Time Play
Normal Forward
1 - 32% - 40% - 16:37
2 - 27% - 30% - 14:07
3 - 26% - 20% - 13:51
4 - 15% - 10% - 8:01
Normal Defense
1 - 36% - 40% - 19:11
2 - 34% - 30% - 17:57
3 - 24% - 20% - 12:22
4 - 6% - 10% - 3:06
PP Forward
1 - 65% - 60% - 1:18
2 - 35% - 40% - 0:42
PP Defense
1 - 58% - 60% - 1:09
2 - 43% - 40% - 0:51
PK Forward
1 - 75% - 60% - 3:10
2 - 25% - 40% - 1:02
PK Defense
1 - 61% - 60% - 2:33
2 - 39% - 40% - 1:39
PK3 Forward
1 - 0% - 60%
2 - 0% - 40%
PK3 Defense
1 - 0% - 60%
2 - 0% - 40%
44 Forward
1 - 0% - 60%
2 - 0% - 40%
44 Defense
1 - 0% - 60%
2 - 0% - 40%
Last Minute Offensive - 1:12
Last Minute Defensive - 0:00
Total
Forward - 60:00
Defense - 60:00
|
Play-by-Play
1st period
0:01 of 1st period - Emil Pettersson wins face-off versus Zac Dalpe in neutral zone.
0:12 of 1st period - Wrist shot by William Carrier.
0:12 of 1st period - Shot Misses the Net.
0:58 of 1st period - Snap shot by Maxime Comtois.
0:58 of 1st period - Stopped by Joacim Eriksson with a rebound.
1:04 of 1st period - Wrist shot by Richard Nejezchleb.
1:04 of 1st period - Stopped by Joacim Eriksson with a rebound.
1:50 of 1st period - Snap shot by Brandon Kozun.
1:50 of 1st period - Stopped by Eric Comrie with a rebound.
1:52 of 1st period - Backhand shot by Eric Gustafsson.
1:52 of 1st period - Shot Blocked by Tony DeAngelo.
1:54 of 1st period - Snap shot by Samuel Groulx.
1:54 of 1st period - Stopped by Eric Comrie without a rebound.
1:55 of 1st period - Theodor Blueger wins face-off versus Jared Knight in Monsters zone.
2:04 of 1st period - Wrist shot by Justin Shugg.
2:04 of 1st period - Shot Misses the Net.
2:19 of 1st period - Icing by Theodor Blueger.
2:20 of 1st period - Kyle Platzer wins face-off versus Austin Watson in Barracuda zone.
3:24 of 1st period - Slapshot by Jared Knight.
3:24 of 1st period - Goal by Jared Knight - Barracuda : 0 - Monsters : 1.
3:25 of 1st period - Zac Dalpe wins face-off versus Jacob Peterson in neutral zone.
4:15 of 1st period - Slapshot by Theodor Blueger.
4:15 of 1st period - Stopped by Eric Comrie without a rebound.
4:16 of 1st period - Zac Dalpe wins face-off versus Kyle Platzer in Monsters zone.
4:16 of 1st period - Zac Dalpe is hit by Jerome Gauthier-Leduc.
4:29 of 1st period - Off-side.
4:30 of 1st period - Zac Dalpe wins face-off versus Jacob Peterson in neutral zone.
4:45 of 1st period - Wrist shot by Jacob Peterson.
4:45 of 1st period - Shot Misses the Net.
5:43 of 1st period - Wrist shot by Joakim Nordstrom.
5:43 of 1st period - Shot Misses the Net.
5:49 of 1st period - Snap shot by Gerald Mayhew.
5:49 of 1st period - Stopped by Joacim Eriksson without a rebound.
5:50 of 1st period - Zac Dalpe wins face-off versus Cole Ully in Barracuda zone.
5:51 of 1st period - Snap shot by Austin Watson.
5:51 of 1st period - Shot Misses the Net.
6:15 of 1st period - Slapshot by Ryan Fitzgerald.
6:15 of 1st period - Shot Misses the Net.
6:17 of 1st period - Slapshot by Carl Grundstrom.
6:17 of 1st period - Deflect By Robin Norell.
6:17 of 1st period - Stopped by Joacim Eriksson with a rebound.
6:19 of 1st period - Slapshot by Tarmo Reunanen.
6:19 of 1st period - Stopped by Joacim Eriksson without a rebound.
6:20 of 1st period - Emil Pettersson wins face-off versus Ryan Fitzgerald in Barracuda zone.
6:33 of 1st period - Wrist shot by Maxime Comtois.
6:33 of 1st period - Stopped by Joacim Eriksson with a rebound.
6:55 of 1st period - Snap shot by Joakim Nordstrom.
6:55 of 1st period - Shot Blocked by Eric Gustafsson.
7:32 of 1st period - Slapshot by Mario Lucia.
7:32 of 1st period - Stopped by Eric Comrie with a rebound.
7:46 of 1st period - Wrist shot by Richard Nejezchleb.
7:46 of 1st period - Stopped by Joacim Eriksson with a rebound.
8:02 of 1st period - Slapshot by Mario Lucia.
8:02 of 1st period - Stopped by Eric Comrie without a rebound.
8:03 of 1st period - Emil Pettersson wins face-off versus Zac Dalpe in Monsters zone.
8:34 of 1st period - Slapshot by William Carrier.
8:34 of 1st period - Shot Misses the Net.
8:52 of 1st period - Austin Watson is hit by Brandon Kozun and loses puck.
9:13 of 1st period - Wrist shot by Austin Watson.
9:13 of 1st period - Stopped by Joacim Eriksson with a rebound.
11:00 of 1st period - Wrist shot by Zac Dalpe.
11:00 of 1st period - Shot Blocked by Jordan Gross.
11:02 of 1st period - Wrist shot by Zac Dalpe.
11:02 of 1st period - Stopped by Joacim Eriksson with a rebound.
11:04 of 1st period - Snap shot by Marc Michaelis.
11:04 of 1st period - Stopped by Joacim Eriksson without a rebound.
11:05 of 1st period - Jared Knight wins face-off versus Theodor Blueger in Barracuda zone.
11:08 of 1st period - Slapshot by Gerald Mayhew.
11:08 of 1st period - Shot Blocked by Samuel Groulx.
11:20 of 1st period - Snap shot by Joakim Nordstrom.
11:20 of 1st period - Shot Misses the Net.
11:41 of 1st period - Wrist shot by Kyle Platzer.
11:41 of 1st period - Stopped by Eric Comrie without a rebound.
11:42 of 1st period - Jared Knight wins face-off versus Theodor Blueger in Monsters zone.
12:07 of 1st period - Samuel Groulx is hit by Luca Sbisa and loses puck.
12:16 of 1st period - Dillon Heatherington is hit by Alex Henriksson and loses puck.
12:29 of 1st period - Wrist shot by Ryan Fitzgerald.
12:29 of 1st period - Shot Misses the Net.
12:31 of 1st period - Slapshot by Luca Sbisa.
12:31 of 1st period - Shot Misses the Net.
12:37 of 1st period - Snap shot by Ryan Fitzgerald.
12:37 of 1st period - Shot Blocked by Robin Norell.
12:39 of 1st period - Slapshot by Dillon Heatherington.
12:39 of 1st period - Deflect By Richard Nejezchleb.
12:39 of 1st period - Stopped by Joacim Eriksson without a rebound.
12:40 of 1st period - Theodor Blueger wins face-off versus Jared Knight in Barracuda zone.
12:40 of 1st period - Theodor Blueger is hit by Aaron Ness.
13:52 of 1st period - Snap shot by Gerald Mayhew.
13:52 of 1st period - Stopped by Joacim Eriksson with a rebound.
14:02 of 1st period - Snap shot by Alex Henriksson.
14:02 of 1st period - Shot Blocked by Tony DeAngelo.
14:08 of 1st period - Samuel Groulx is hit by Tony DeAngelo and loses puck.
15:20 of 1st period - Icing by Cole Ully.
15:21 of 1st period - Jared Knight wins face-off versus Theodor Blueger in Barracuda zone.
15:51 of 1st period - Joakim Nordstrom is hit by Jacob Peterson and loses puck.
16:56 of 1st period - Minor Penalty to Samuel Groulx for Holding.
16:57 of 1st period - Emil Pettersson wins face-off versus Zac Dalpe in Barracuda zone.
17:06 of 1st period - Off-side.
17:07 of 1st period - Emil Pettersson wins face-off versus Zac Dalpe in neutral zone.
17:50 of 1st period - Snap shot by William Carrier.
17:50 of 1st period - Shot Misses the Net.
17:52 of 1st period - Snap shot by William Carrier.
17:52 of 1st period - Stopped by Eric Comrie with a rebound.
17:54 of 1st period - Slapshot by Logan Stanley.
17:54 of 1st period - Shot Misses the Net.
17:56 of 1st period - Slapshot by Robin Norell.
17:56 of 1st period - Deflect By Tony DeAngelo.
17:56 of 1st period - Stopped by Eric Comrie without a rebound.
17:57 of 1st period - Theodor Blueger wins face-off versus Jared Knight in Monsters zone.
18:56 of 1st period - Penalty to Samuel Groulx is over, Samuel Groulx is back on ice.
Goals for this period are 0 for Barracuda vs 1 for Monsters.
Shots for this period are 8 for Barracuda vs 13 for Monsters.
2nd period
0:01 of 2nd period - Zac Dalpe wins face-off versus Emil Pettersson in neutral zone.
0:14 of 2nd period - Wrist shot by Brandon Kozun.
0:14 of 2nd period - Shot Blocked by Tony DeAngelo.
0:20 of 2nd period - Emil Pettersson is hit by Zac Dalpe and loses puck.
0:41 of 2nd period - Backhand shot by Brandon Kozun.
0:41 of 2nd period - Stopped by Eric Comrie with a rebound.
1:43 of 2nd period - Wrist shot by Emil Pettersson.
1:43 of 2nd period - Stopped by Eric Comrie with a rebound.
1:45 of 2nd period - Slapshot by Robin Norell.
1:45 of 2nd period - Deflect By Tony DeAngelo.
1:45 of 2nd period - Stopped by Eric Comrie with a rebound.
1:47 of 2nd period - Snap shot by William Carrier.
1:47 of 2nd period - Shot Blocked by Tony DeAngelo.
1:49 of 2nd period - Slapshot by Robin Norell.
1:49 of 2nd period - Stopped by Eric Comrie with a rebound.
2:07 of 2nd period - Brandon Kozun is hit by Carl Grundstrom and loses puck.
2:16 of 2nd period - Snap shot by William Carrier.
2:16 of 2nd period - Shot Misses the Net.
2:18 of 2nd period - Slapshot by Logan Stanley.
2:18 of 2nd period - Stopped by Eric Comrie with a rebound.
2:20 of 2nd period - Wrist shot by Brandon Kozun.
2:20 of 2nd period - Deflect By William Carrier.
2:20 of 2nd period - Shot Misses the Net.
2:20 of 2nd period - Puck is out of play.
2:21 of 2nd period - Zac Dalpe wins face-off versus Theodor Blueger in Monsters zone.
2:36 of 2nd period - Wrist shot by Austin Watson.
2:36 of 2nd period - Stopped by Joacim Eriksson without a rebound.
2:37 of 2nd period - Joakim Nordstrom wins face-off versus Kyle Platzer in Barracuda zone.
2:48 of 2nd period - Slapshot by Gerald Mayhew.
2:48 of 2nd period - Stopped by Joacim Eriksson without a rebound.
2:49 of 2nd period - Theodor Blueger wins face-off versus Zac Dalpe in Barracuda zone.
3:21 of 2nd period - Snap shot by Alex Henriksson.
3:21 of 2nd period - Stopped by Eric Comrie without a rebound.
3:22 of 2nd period - Kyle Platzer wins face-off versus Jared Knight in Monsters zone.
3:26 of 2nd period - Minor Penalty to Jared Knight for Tripping.
3:27 of 2nd period - Theodor Blueger wins face-off versus Zac Dalpe in Monsters zone.
5:26 of 2nd period - Penalty to Jared Knight is over, Jared Knight is back on ice.
5:49 of 2nd period - Slapshot by Marc Michaelis.
5:49 of 2nd period - Stopped by Joacim Eriksson without a rebound.
5:50 of 2nd period - Ryan Fitzgerald wins face-off versus Kyle Platzer in Barracuda zone.
5:51 of 2nd period - Snap shot by Maxime Comtois.
5:51 of 2nd period - Stopped by Joacim Eriksson with a rebound.
5:55 of 2nd period - Backhand shot by Richard Nejezchleb.
5:55 of 2nd period - Stopped by Joacim Eriksson with a rebound.
5:57 of 2nd period - Snap shot by Maxime Comtois.
5:57 of 2nd period - Stopped by Joacim Eriksson without a rebound.
5:58 of 2nd period - Kyle Platzer wins face-off versus Ryan Fitzgerald in Barracuda zone.
6:09 of 2nd period - Snap shot by Richard Nejezchleb.
6:09 of 2nd period - Shot Misses the Net.
6:29 of 2nd period - Snap shot by Marc Michaelis.
6:29 of 2nd period - Stopped by Joacim Eriksson with a rebound.
6:48 of 2nd period - Snap shot by Mario Lucia.
6:48 of 2nd period - Stopped by Eric Comrie with a rebound.
6:56 of 2nd period - Tarmo Reunanen is hit by Drew O'Connor and loses puck.
7:50 of 2nd period - Slapshot by Theodor Blueger.
7:50 of 2nd period - Goal by Theodor Blueger - Barracuda : 1 - Monsters : 1.
7:51 of 2nd period - Zac Dalpe wins face-off versus Theodor Blueger in neutral zone.
8:28 of 2nd period - Slapshot by Tony DeAngelo.
8:28 of 2nd period - Goal by Tony DeAngelo - Barracuda : 1 - Monsters : 2.
8:29 of 2nd period - Zac Dalpe wins face-off versus Theodor Blueger in neutral zone.
10:00 of 2nd period - Off-side.
10:01 of 2nd period - Jared Knight wins face-off versus Emil Pettersson in neutral zone.
10:08 of 2nd period - Wrist shot by Joakim Nordstrom.
10:08 of 2nd period - Stopped by Joacim Eriksson with a rebound.
10:10 of 2nd period - Snap shot by Tarmo Reunanen.
10:10 of 2nd period - Deflect By Joakim Nordstrom.
10:10 of 2nd period - Stopped by Joacim Eriksson with a rebound.
10:52 of 2nd period - Snap shot by Jared Knight.
10:52 of 2nd period - Shot Misses the Net.
10:54 of 2nd period - Slapshot by Gerald Mayhew.
10:54 of 2nd period - Goal by Gerald Mayhew - Barracuda : 1 - Monsters : 3.
10:55 of 2nd period - Theodor Blueger wins face-off versus Zac Dalpe in neutral zone.
11:20 of 2nd period - Cole Ully is hit by Tony DeAngelo and loses puck.
11:37 of 2nd period - Slapshot by Eric Gustafsson.
11:37 of 2nd period - Deflect By Luca Sbisa.
11:37 of 2nd period - Stopped by Eric Comrie without a rebound.
11:38 of 2nd period - Ryan Fitzgerald wins face-off versus Emil Pettersson in Monsters zone.
11:43 of 2nd period - William Carrier is hit by Maxime Comtois and loses puck.
12:49 of 2nd period - Snap shot by Cole Ully.
12:49 of 2nd period - Stopped by Eric Comrie without a rebound.
12:50 of 2nd period - Zac Dalpe wins face-off versus Justin Shugg in Monsters zone.
12:50 of 2nd period - Zac Dalpe is hit by Eric Gustafsson.
13:22 of 2nd period - Slapshot by Eric Gustafsson.
13:22 of 2nd period - Shot Misses the Net.
13:24 of 2nd period - Slapshot by Eric Gustafsson.
13:24 of 2nd period - Shot Blocked by Tony DeAngelo.
14:02 of 2nd period - Dillon Heatherington is hit by Mario Lucia and loses puck.
14:15 of 2nd period - Snap shot by Drew O'Connor.
14:15 of 2nd period - Shot Misses the Net.
14:49 of 2nd period - Wrist shot by Joakim Nordstrom.
14:49 of 2nd period - Deflect By Theodor Blueger.
14:49 of 2nd period - Stopped by Joacim Eriksson with a rebound.
14:51 of 2nd period - Snap shot by Gerald Mayhew.
14:51 of 2nd period - Stopped by Joacim Eriksson with a rebound.
15:27 of 2nd period - Eric Gustafsson is hit by Zac Dalpe and loses puck.
15:50 of 2nd period - Carl Grundstrom is hit by William Carrier and loses puck.
16:09 of 2nd period - Jerome Gauthier-Leduc is hit by Maxime Comtois and loses puck.
16:32 of 2nd period - Snap shot by Mario Lucia.
16:32 of 2nd period - Stopped by Eric Comrie with a rebound.
16:48 of 2nd period - Snap shot by Brandon Kozun.
16:48 of 2nd period - Shot Misses the Net.
16:50 of 2nd period - Snap shot by Brandon Kozun.
16:50 of 2nd period - Stopped by Eric Comrie without a rebound.
16:51 of 2nd period - Zac Dalpe wins face-off versus Emil Pettersson in Monsters zone.
16:56 of 2nd period - Samuel Groulx is hit by Luca Sbisa and loses puck.
17:13 of 2nd period - Dillon Heatherington is hit by Samuel Groulx and loses puck.
17:17 of 2nd period - Icing by Dillon Heatherington.
17:18 of 2nd period - Ryan Fitzgerald wins face-off versus Theodor Blueger in Monsters zone.
17:23 of 2nd period - Wrist shot by Dillon Heatherington.
17:23 of 2nd period - Stopped by Joacim Eriksson with a rebound.
17:57 of 2nd period - Snap shot by Ryan Fitzgerald.
17:57 of 2nd period - Stopped by Joacim Eriksson with a rebound.
18:37 of 2nd period - Ryan Fitzgerald is hit by Cole Ully.
19:39 of 2nd period - Snap shot by Theodor Blueger.
19:39 of 2nd period - Shot Blocked by Luca Sbisa.
Goals for this period are 1 for Barracuda vs 2 for Monsters.
Shots for this period are 12 for Barracuda vs 15 for Monsters.
3rd period
0:01 of 3rd period - Emil Pettersson wins face-off versus Zac Dalpe in neutral zone.
0:17 of 3rd period - Icing by Eric Gustafsson.
0:18 of 3rd period - Emil Pettersson wins face-off versus Jared Knight in Barracuda zone.
0:35 of 3rd period - Wrist shot by Brandon Kozun.
0:35 of 3rd period - Stopped by Eric Comrie without a rebound.
0:36 of 3rd period - Kyle Platzer wins face-off versus Zac Dalpe in Monsters zone.
0:46 of 3rd period - Tony DeAngelo is hit by Samuel Groulx and loses puck.
1:03 of 3rd period - Samuel Groulx is hit by Aaron Ness and loses puck.
1:21 of 3rd period - Icing by Emil Pettersson.
1:22 of 3rd period - Emil Pettersson wins face-off versus Nathan Noel in Barracuda zone.
1:33 of 3rd period - Robert Thomas is hit by William Carrier and loses puck.
2:11 of 3rd period - Snap shot by William Carrier.
2:11 of 3rd period - Shot Blocked by Nathan Noel.
2:13 of 3rd period - Wrist shot by William Carrier.
2:13 of 3rd period - Shot Blocked by Carl Grundstrom.
2:34 of 3rd period - Off-side.
2:35 of 3rd period - Zac Dalpe wins face-off versus Kyle Platzer in neutral zone.
2:38 of 3rd period - Snap shot by Aaron Ness.
2:38 of 3rd period - Shot Misses the Net.
2:40 of 3rd period - Snap shot by Austin Watson.
2:40 of 3rd period - Stopped by Joacim Eriksson with a rebound.
2:46 of 3rd period - Wrist shot by Zac Dalpe.
2:46 of 3rd period - Shot Blocked by Samuel Groulx.
2:48 of 3rd period - Slapshot by Tony DeAngelo.
2:48 of 3rd period - Stopped by Joacim Eriksson with a rebound.
3:45 of 3rd period - Wrist shot by Cole Ully.
3:45 of 3rd period - Shot Misses the Net.
3:53 of 3rd period - Snap shot by Austin Watson.
3:53 of 3rd period - Stopped by Joacim Eriksson with a rebound.
4:05 of 3rd period - Slapshot by Kyle Platzer.
4:05 of 3rd period - Stopped by Eric Comrie with a rebound.
4:07 of 3rd period - Slapshot by Alex Henriksson.
4:07 of 3rd period - Shot Misses the Net.
4:09 of 3rd period - Slapshot by Eric Gustafsson.
4:09 of 3rd period - Stopped by Eric Comrie with a rebound.
4:11 of 3rd period - Snap shot by Chris Wagner.
4:11 of 3rd period - Shot Misses the Net.
4:21 of 3rd period - Minor Penalty to Joakim Nordstrom for Kneeing.
4:22 of 3rd period - Austin Watson wins face-off versus Emil Pettersson in Monsters zone.
4:47 of 3rd period - Austin Watson is hit by Justin Shugg and loses puck.
5:05 of 3rd period - Icing by Brandon Kozun.
5:06 of 3rd period - Jared Knight wins face-off versus Emil Pettersson in Barracuda zone.
5:37 of 3rd period - Snap shot by Theodor Blueger.
5:37 of 3rd period - Shot Blocked by Zac Dalpe.
6:21 of 3rd period - Penalty to Joakim Nordstrom is over, Joakim Nordstrom is back on ice.
6:38 of 3rd period - Snap shot by Theodor Blueger.
6:38 of 3rd period - Stopped by Eric Comrie with a rebound.
6:53 of 3rd period - Cole Ully is hit by Tony DeAngelo and loses puck.
7:04 of 3rd period - Snap shot by Cole Ully.
7:04 of 3rd period - Goal by Cole Ully - Barracuda : 2 - Monsters : 3.
7:05 of 3rd period - Emil Pettersson wins face-off versus Zac Dalpe in neutral zone.
7:59 of 3rd period - Samuel Groulx is hit by Ryan Fitzgerald.
8:56 of 3rd period - Wrist shot by Drew O'Connor.
8:56 of 3rd period - Stopped by Eric Comrie with a rebound.
8:58 of 3rd period - Slapshot by Drew O'Connor.
8:58 of 3rd period - Goal by Drew O'Connor - Barracuda : 3 - Monsters : 3.
8:59 of 3rd period - Emil Pettersson wins face-off versus Zac Dalpe in neutral zone.
9:02 of 3rd period - Aaron Ness is hit by Samuel Groulx and loses puck.
9:10 of 3rd period - Minor Penalty to Samuel Groulx for Charging.
9:11 of 3rd period - Zac Dalpe wins face-off versus Emil Pettersson in Barracuda zone.
9:11 of 3rd period - Slapshot by Tony DeAngelo.
9:11 of 3rd period - Goal by Tony DeAngelo - Barracuda : 3 - Monsters : 4.
9:12 of 3rd period - Emil Pettersson wins face-off versus Zac Dalpe in neutral zone.
9:44 of 3rd period - Slapshot by Eric Gustafsson.
9:44 of 3rd period - Shot Misses the Net.
9:46 of 3rd period - Slapshot by Eric Gustafsson.
9:46 of 3rd period - Stopped by Eric Comrie with a rebound.
9:48 of 3rd period - Wrist shot by Alex Henriksson.
9:48 of 3rd period - Stopped by Eric Comrie without a rebound.
9:49 of 3rd period - Zac Dalpe wins face-off versus Theodor Blueger in Monsters zone.
10:03 of 3rd period - Off-side.
10:04 of 3rd period - Jared Knight wins face-off versus Emil Pettersson in neutral zone.
10:15 of 3rd period - Snap shot by Jared Knight.
10:15 of 3rd period - Shot Blocked by Samuel Groulx.
10:33 of 3rd period - Wrist shot by Jared Knight.
10:33 of 3rd period - Deflect By Eric Gustafsson.
10:33 of 3rd period - Shot Misses the Net.
10:33 of 3rd period - Puck is out of play.
10:34 of 3rd period - Zac Dalpe wins face-off versus Kyle Platzer in Barracuda zone.
10:39 of 3rd period - Backhand shot by Zac Dalpe.
10:39 of 3rd period - Stopped by Joacim Eriksson with a rebound.
10:41 of 3rd period - Snap shot by Marc Michaelis.
10:41 of 3rd period - Shot Blocked by Robin Norell.
10:43 of 3rd period - Slapshot by Dillon Heatherington.
10:43 of 3rd period - Shot Blocked by Alex Henriksson.
11:52 of 3rd period - Wrist shot by Francis Perron.
11:52 of 3rd period - Stopped by Joacim Eriksson without a rebound.
11:53 of 3rd period - Brandon Kozun wins face-off versus Zac Dalpe in Barracuda zone.
12:08 of 3rd period - Brandon Kozun is hit by Marc Michaelis and loses puck.
12:19 of 3rd period - Gerald Mayhew is hit by Chris Wagner and loses puck.
13:10 of 3rd period - Wrist shot by Mario Lucia.
13:10 of 3rd period - Stopped by Eric Comrie with a rebound.
13:12 of 3rd period - Snap shot by Mario Lucia.
13:12 of 3rd period - Stopped by Eric Comrie without a rebound.
13:13 of 3rd period - Zac Dalpe wins face-off versus Emil Pettersson in Monsters zone.
13:28 of 3rd period - Slapshot by Zac Dalpe.
13:28 of 3rd period - Shot Blocked by Samuel Groulx.
13:38 of 3rd period - Carl Grundstrom is hit by Justin Shugg and loses puck.
13:59 of 3rd period - Snap shot by Chris Wagner.
13:59 of 3rd period - Stopped by Eric Comrie without a rebound.
14:00 of 3rd period - Ryan Fitzgerald wins face-off versus Kyle Platzer in Monsters zone.
14:05 of 3rd period - Wrist shot by Kyle Platzer.
14:05 of 3rd period - Shot Misses the Net.
14:23 of 3rd period - Snap shot by Ryan Fitzgerald.
14:23 of 3rd period - Stopped by Joacim Eriksson with a rebound.
14:33 of 3rd period - Wrist shot by Chris Wagner.
14:33 of 3rd period - Stopped by Eric Comrie with a rebound.
14:35 of 3rd period - Wrist shot by Alex Henriksson.
14:35 of 3rd period - Stopped by Eric Comrie without a rebound.
14:36 of 3rd period - Emil Pettersson wins face-off versus Zac Dalpe in Monsters zone.
14:37 of 3rd period - Wrist shot by Brandon Kozun.
14:37 of 3rd period - Shot Blocked by Aaron Ness.
14:39 of 3rd period - Minor Penalty to Zac Dalpe for Close Hand On Puck.
14:40 of 3rd period - Emil Pettersson wins face-off versus Alex Schoenborn in Monsters zone.
14:43 of 3rd period - Slapshot by Brandon Kozun.
14:43 of 3rd period - Stopped by Eric Comrie without a rebound.
14:44 of 3rd period - William Carrier wins face-off versus Alex Schoenborn in Monsters zone.
14:51 of 3rd period - Wrist shot by William Carrier.
14:51 of 3rd period - Stopped by Eric Comrie with a rebound.
14:53 of 3rd period - Snap shot by Brandon Kozun.
14:53 of 3rd period - Goal by Brandon Kozun - Barracuda : 4 - Monsters : 4.
14:54 of 3rd period - Emil Pettersson wins face-off versus Zac Dalpe in neutral zone.
15:56 of 3rd period - Snap shot by Chris Wagner.
15:56 of 3rd period - Goal by Chris Wagner - Barracuda : 5 - Monsters : 4.
15:57 of 3rd period - Zac Dalpe wins face-off versus Kyle Platzer in neutral zone.
16:12 of 3rd period - Slapshot by Kyle Platzer.
16:12 of 3rd period - Shot Blocked by Austin Watson.
16:45 of 3rd period - Backhand shot by Tony DeAngelo.
16:45 of 3rd period - Deflect By Ryan Fitzgerald.
16:45 of 3rd period - Stopped by Joacim Eriksson with a rebound.
16:47 of 3rd period - Slapshot by Aaron Ness.
16:47 of 3rd period - Stopped by Joacim Eriksson with a rebound.
16:49 of 3rd period - Snap shot by Richard Nejezchleb.
16:49 of 3rd period - Shot Misses the Net.
17:03 of 3rd period - Snap shot by Mario Lucia.
17:03 of 3rd period - Shot Blocked by Carl Grundstrom.
18:26 of 3rd period - Justin Shugg is hit by Zac Dalpe and loses puck.
18:41 of 3rd period - Joakim Nordstrom is hit by William Carrier and loses puck.
18:58 of 3rd period - Wrist shot by William Carrier.
18:58 of 3rd period - Shot Misses the Net.
19:13 of 3rd period - Austin Watson is hit by Eric Gustafsson and loses puck.
19:30 of 3rd period - Monsters, Eric Comrie is pulled from the net.
19:32 of 3rd period - Slapshot by Zac Dalpe.
19:32 of 3rd period - Stopped by Joacim Eriksson with a rebound.
19:34 of 3rd period - Snap shot by Carl Grundstrom.
19:34 of 3rd period - Shot Misses the Net.
19:36 of 3rd period - Snap shot by Tarmo Reunanen.
19:36 of 3rd period - Deflect By Zac Dalpe.
19:36 of 3rd period - Shot Blocked by Samuel Groulx.
19:36 of 3rd period - Puck is out of play.
19:37 of 3rd period - Guy Carbonneau call a timeout for Monsters.
19:37 of 3rd period - Emil Pettersson wins face-off versus Zac Dalpe in Barracuda zone.
Goals for this period are 4 for Barracuda vs 1 for Monsters.
Shots for this period are 18 for Barracuda vs 10 for Monsters.
Output by the SimonT Hockey Simulator (STHS) for Francois Prevost